 Dungeon Crawl Stone Soup version 0.18.1-5-g4a78601 (webtiles) character file.

8108 Chiseanne the Thaumaturge (level 11, -6/68 HPs)
             Began as a Human Enchanter on May 9, 2016.
             Was a Believer of Vehumet.
             Killed by divine providence
             ... invoked by an orc high priest
              (15 damage)
             ... on level 2 of the Orcish Mines.
             The game lasted 00:43:53 (17500 turns).

Chiseanne the Thaumaturge (Human Enchanter)        Turns: 17500, Time: 00:43:53

Health: -6/68      AC: 13    Str:  8    XL:     11   Next: 49%
Magic:  1/26       EV: 12    Int: 19    God:    Vehumet [**....]
Gold:   369        SH:  0    Dex: 14    Spells: 7 memorised, 16 levels left

rFire  + . .     SeeInvis +     a - +0 trident (venom)
rCold  . . .     Gourm    .     b - +1 robe
rNeg   . . .     Faith    .     (no shield)
rPois  .         Spirit   .     (no helmet)
rElec  .         Dismiss  .     H - +0 cloak
rCorr  .         Reflect  .     u - +2 pair of gloves
SustAt .         Harm     .     (no boots)
MR     .....                    (no amulet)
Stlth  ++........               M - ring of protection from fire
                                N - ring of see invisible

@: icy armour, very slightly contaminated, hasted, very quick, not resistant to
hostile enchantments, unstealthy
A: no striking features
a: Renounce Religion


You were on level 2 of the Orcish Mines.
You worshipped Vehumet.
Vehumet was pleased with you.
You were very hungry.

You visited 3 branches of the dungeon, and saw 12 of its levels.

You collected 669 gold pieces.
You spent 300 gold pieces at shops.

Inventory:

Hand Weapons
 a - a +0 trident of venom (weapon)
 e - a +0 hunting sling
 s - a +1 whip of electrocution
 Q - a +2 mace of protection
Missiles
 h - 170 arrows
 n - 59 poisoned needles
 o - 4 tomahawks
 p - 180 stones
 t - 19 bolts
 x - 2 throwing nets (quivered)
 J - 40 sling bullets
Armour
 b - a +1 robe (worn)
 u - a +2 pair of gloves (worn)
 D - a +1 pair of gloves
 H - a +0 cloak (worn)
Magical Staves
 d - an uncursed staff of power
Jewellery
 v - the ring "Dushro Numpea" {rF+ rC+, unknown}
   (You took it off a centaur on level 9 of the Dungeon)

   [ring of protection from fire]

   It protects you from fire.
   It protects you from cold.
 G - an uncursed ring of wizardry
 M - a ring of protection from fire (right hand)
 N - a ring of see invisible (left hand)
 O - an uncursed ring of flight
Wands
 y - a wand of lightning (3/15)
 z - a wand of paralysis (11/24)
 E - a wand of disintegration (0/24)
 K - a wand of acid (10/15)
 L - a wand of polymorph (11/24)
Scrolls
 g - 4 scrolls of remove curse
 j - a scroll of identify
 k - 3 scrolls of amnesia
 q - 4 scrolls of recharging
 r - 2 scrolls of immolation
 w - a scroll of fear
Potions
 f - 4 potions of flight
 i - 2 potions of heal wounds
 m - 3 potions of curing
 F - 2 potions of lignification
Books
 c - a book of Maledictions

   Spells                             Type                      Level
   a - Corona                         Hexes                        1
   b - Ensorcelled Hibernation        Hexes/Ice                    2
   c - Confuse                        Hexes                        3
   d - Tukima's Dance                 Hexes                        3
   e - Dazzling Spray                 Conjuration/Hexes            3
 B - a book of Party Tricks

   Spells                             Type                      Level
   a - Summon Butterflies             Summoning                    1
   b - Apportation                    Translocation                1
   c - Tukima's Dance                 Hexes                        3
   d - Alistair's Intoxication        Transmutation/Poison         5
   e - Invisibility                   Hexes                        6
 P - a book of Frost

   Spells                             Type                      Level
   a - Freeze                         Ice                          1
   b - Throw Frost                    Conjuration/Ice              2
   c - Ozocubu's Armour               Charms/Ice                   3
   d - Throw Icicle                   Conjuration/Ice              4
   e - Summon Ice Beast               Ice/Summoning                4
Comestibles
 l - 5 bread rations
 I - 6 meat rations


   Skills:
   Level 1.0 Short Blades
 - Level 2.0 Dodging
 - Level 3.0 Stealth
 - Level 11.3 Spellcasting
 - Level 9.6 Conjurations
 - Level 5.5 Hexes
 + Level 5.2 Charms


You had 16 spell levels left.
You knew the following spells:

 Your Spells              Type           Power        Failure   Level  Hunger
a - Corona                Hex            ####...      1%          1    None
b - Confuse               Hex            ####....     1%          3    None
c - Tukima's Dance        Hex            ####....     1%          3    None
d - Dazzling Spray        Conj/Hex       #####...     1%          3    None
e - Apportation           Tloc           ##........   10%         1    None
f - Searing Ray           Conj           #####.       1%          2    None
g - Ozocubu's Armour      Chrm/Ice       ###.....     10%         3    None


Dungeon Overview and Level Annotations

Branches:
Dungeon (9/15)             Temple (1/1) D:6            Lair (0/8) D:8
    Orc (2/2) D:9
    Elf: Orc:2

Altars:
Elyvilon
Fedhas
Gozag
Okawaru
Vehumet
Xom
Zin
The Shining One

Shops:
D:8 *   Orc:2 (*

Annotations:
D:3 mopl's ghost, amateur DECj
D:5 exclusion: oklob plant


Message History

2 orc warriors come into view.
Casting: Dazzling Spray
Confirm with . or Enter, or press ? or * to list all spells.
You don't have enough magic to cast that spell.
Unknown command.
Unknown command.
The orc warrior shouts! x2
You hit Donald but do no damage.
Donald looks even sicker.
Donald is almost dead.
The orc high priest prays to Beogh.
An orc warrior comes into view. It is wielding a short sword.
You catch the helpless Donald completely off-guard!
You hit Donald.
Donald is almost dead.
You kill Donald!
Vehumet accepts your kill.
Your Charms skill gained 2 levels and is now at level 5!
The orc high priest mumbles some strange prayers to Beogh against you.
Beogh smites you!
You die...

#. ..P. ## .. #....
.#.###. ..P8P.o.
P.P..#.###.P....o..
........#......∩4...
............3..§....
o..o......P.o.......
o8oP...@.##Po.......
∩o.....[.o#P..P.P...
.....P..............
...............#....
....................
..........(....$....
.P..................
..........#.........
................##.


You could see 2 orc high priests, a neqoxec, an orc sorcerer, 4 orc warriors and
a friendly double sword.

Vanquished Creatures
  Donald (Orc:2)
  Pikel (D:4)
  Maurice (D:9)
  A troll (D:9)
  2 polar bears (D:8)
  2 two-headed ogres
  4 yaks (D:8)
  2 hungry ghosts
  A dancing weapon (D:9)
  A water moccasin (D:9)
  4 ice beasts
  3 orc warriors
  A sky beast (D:9)
  4 slaves (D:4)
  An ogre (D:4)
  A wolf (D:8)
  4 centaurs
  8 giant frogs
  3 scorpions
  8 killer bees
  2 electric eels (D:8)
  3 crimson imps
  A howler monkey (D:5)
  A giant frog zombie (D:7)
  5 orc priests
  7 hounds
  8 orc wizards
  A centaur skeleton (D:5)
  3 iguanas
  10 worker ants
  2 killer bee zombies
  A giant frog simulacrum (D:8)
  A centaur simulacrum (D:8)
  3 hound zombies
  A hound skeleton (D:4)
  A worker ant zombie (D:9)
  A howler monkey zombie (D:8)
  3 gnolls (D:7)
  12 adders
  4 shadow imps
  5 white imps (D:8)
  3 adder zombies
  An ooze (D:1)
  3 adder skeletons
  4 worms
  3 dart slugs
  7 giant geckos
  25 orcs
  3 giant cockroaches
  5 goblins (D:1)
  9 hobgoblins
  12 jackals
  2 kobolds (D:2)
  A quokka (D:3)
  2 ball pythons
  7 bats
  5 giant newts
  A jackal skeleton (D:7)
  2 quokka skeletons
  9 rats
232 creatures vanquished.

Vanquished Creatures (collateral kills)
  4 ogres
  4 wights (D:8)
  4 orc priests
  2 orc wizards
  8 orcs
22 creatures vanquished.

Vanquished Creatures (others)
  15 dancing weapons
  A giant gecko (D:2)
  A kobold (D:2)
  A fungus (D:5)
  11 toadstools (D:5)
29 creatures vanquished.

Grand Total: 283 creatures vanquished

Notes
Turn   | Place    | Note
--------------------------------------------------------------
     0 | D:1      | Chiseanne the Human Enchanter began the quest for the Orb.
     0 | D:1      | Reached XP level 1. HP: 13/13 MP: 3/3
   258 | D:1      | Reached XP level 2. HP: 19/19 MP: 5/5
   934 | D:1      | Reached XP level 3. HP: 21/24 MP: 4/6
  1212 | D:1      | Learned a level 3 spell: Confuse
  1216 | D:1      | Learned a level 3 spell: Tukima's Dance
  1754 | D:2      | Found a white marble altar of Elyvilon.
  1827 | D:2      | Reached skill level 3 in Spellcasting
  1845 | D:2      | Reached XP level 4. HP: 20/30 MP: 5/8
  3035 | D:3      | Noticed mopl's ghost (amateur DECj)
  3050 | D:4      | Found a glowing drain.
  3051 | D:4      | Noticed Pikel
  3051 | D:4      | Noticed a slave
  3051 | D:4      | Noticed a slave
  3051 | D:4      | Noticed a slave
  3053 | D:4      | Noticed a slave
  3270 | D:4      | Reached XP level 5. HP: 25/35 MP: 3/10
  3945 | D:4      | Noticed an ogre
  3953 | D:4      | Killed an ogre
  3953 | D:4      | Reached skill level 4 in Spellcasting
  3953 | D:4      | Reached XP level 6. HP: 41/41 MP: 1/12
  4126 | D:4      | Reached skill level 5 in Hexes
  4664 | D:4      | Killed a slave
  4672 | D:4      | Killed a slave
  4684 | D:4      | Killed a slave
  5136 | D:3      | Found a faded altar to an unknown god.
  6096 | D:4      | Killed a slave
  6155 | D:4      | Killed Pikel
  6155 | D:4      | Reached skill level 6 in Spellcasting
  6155 | D:4      | Reached XP level 7. HP: 36/46 MP: 6/17
  6155 | D:4      | Reached XP level 8. HP: 40/52 MP: 6/18
  6363 | D:4      | Reached skill level 7 in Spellcasting
  6550 | D:4      | Learned a level 3 spell: Dazzling Spray
  6603 | D:5      | Entered Level 5 of the Dungeon
  6755 | D:5      | Reached skill level 1 in Conjurations
  7658 | D:5      | Reached skill level 8 in Spellcasting
  7763 | D:5      | Reached XP level 9. HP: 31/57 MP: 21/21
  7919 | D:5      | Found a blossoming altar of Fedhas.
  7938 | D:5      | Noticed an oklob plant
  8712 | D:6      | Found a staircase to the Ecumenical Temple.
  8814 | Temple   | Entered the Ecumenical Temple
  8821 | Temple   | Became a worshipper of Vehumet
  9212 | D:6      | Reached skill level 5 in Conjurations
  9279 | D:6      | Found an opulent altar of Gozag.
  9992 | D:7      | Reached skill level 9 in Spellcasting
 10353 | D:7      | Found a shimmering altar of Xom.
 10353 | D:7      | Found a white marble altar of Elyvilon.
 11258 | D:8      | Noticed a polar bear
 11294 | D:8      | Killed a polar bear
 11581 | D:8      | Noticed a polar bear
 11601 | D:8      | Killed a polar bear
 11601 | D:8      | Reached XP level 10. HP: 63/63 MP: 12/23
 11619 | D:8      | Reached * piety under Vehumet
 11619 | D:8      | Offered knowledge of Sandblast by Vehumet.
 11930 | D:8      | Reached skill level 10 in Spellcasting
 12096 | D:8      | Found Itakye's Assorted Antiques.
 12099 | D:8      | Bought a scroll labeled LAGAES ISYURCH for 30 gold pieces
 12099 | D:8      | Bought a scroll labeled CIHETIANIU for 30 gold pieces
 12099 | D:8      | Bought a glass wand for 120 gold pieces
 12099 | D:8      | Bought a sharpened glass wand for 120 gold pieces
 13299 | D:8      | Found an iron altar of Okawaru.
 13307 | D:8      | Got a smoking chain mail
 13308 | D:8      | Identified the +6 chain mail of Obeelacu {rC+ Slay+2} (You found it on level 8 of the Dungeon)
 13713 | D:8      | Learned a level 1 spell: Apportation
 13880 | D:8      | Offered knowledge of Searing Ray by Vehumet.
 14028 | D:8      | Learned a level 2 spell: Searing Ray
 14040 | D:8      | Found a staircase to the Lair.
 14080 | D:8      | Reached ** piety under Vehumet
 14821 | D:9      | Reached skill level 11 in Spellcasting
 14821 | D:9      | Reached XP level 11. HP: 68/68 MP: 22/26
 14885 | D:9      | Found a staircase to the Orcish Mines.
 14947 | D:9      | Noticed Maurice
 14965 | D:9      | Killed Maurice
 15533 | D:9      | Noticed a skeletal warrior
 15832 | D:9      | Got a scintillating steel ring
 16071 | D:9      | Learned a level 3 spell: Ozocubu's Armour
 16105 | D:9      | Reached skill level 1 in Charms
 16418 | D:9      | Noticed a skeletal warrior
 16418 | D:9      | Noticed a skeletal warrior
 16419 | D:9      | Noticed a skeletal warrior
 16843 | D:9      | Noticed a skeletal warrior
 17026 | Orc:1    | Entered Level 1 of the Orcish Mines
 17465 | Orc:2    | Entered Level 2 of the Orcish Mines
 17465 | Orc:2    | Noticed Donald
 17491 | Orc:2    | Found Aposhu's General Store.
 17491 | Orc:2    | Noticed an orc high priest
 17497 | Orc:2    | Found Saujett's Antique Weapon Emporium.
 17497 | Orc:2    | Noticed an orc sorcerer
 17497 | Orc:2    | Noticed an orc high priest
 17500 | Orc:2    | Killed Donald
 17500 | Orc:2    | Reached skill level 5 in Charms
 17500 | Orc:2    | Killed from afar by an orc high priest

Skill      XL: |  1  2  3  4  5  6  7  8  9 10 11 |
---------------+----------------------------------+-----
Spellcasting   | 3 4 6 8 9 11 | 11.3
Hexes          | 4 5 |  5.5
Conjurations   | 3 6 9 |  9.6
Charms         | 5 |  5.2
Short Blades   | |  1.0
Dodging        | |  2.0
Stealth        | |  3.0

Action                   |  1- 3 |  4- 6 |  7- 9 | 10-12 || total
-------------------------+-------+-------+-------+-------++-------
Melee: Dagger            |   163 |     9 |       |       ||   172
       Short sword       |       |    93 |       |       ||    93
       Trident           |       |    97 |   146 |   175 ||   418
       Whip              |       |       |    26 |    21 ||    47
 Fire: Hunting sling     |       |       |       |     1 ||     1
 Cast: Corona            |    12 |    23 |     6 |    18 ||    59
       Tukima's Dance    |     1 |    15 |    18 |    38 ||    72
       Confuse           |       |    30 |    11 |    38 ||    79
       Dazzling Spray    |       |       |    81 |   152 ||   233
       Ozocubu's Armour  |       |       |       |     2 ||     2
Evoke: Wand              |       |       |     1 |     2 ||     3
  Use: Scroll            |     4 |     6 |     8 |     7 ||    25
       Potion            |       |     2 |     6 |     6 ||    14
 Stab: Sleeping          |     4 |     9 |     1 |     1 ||    15
       Confused          |       |     4 |     2 |     8 ||    14
       Distracted        |       |       |     1 |       ||     1
       Invisible         |       |       |     1 |    10 ||    11
  Eat: Chunk             |     3 |    18 |    19 |    10 ||    50
       Fruit             |       |       |     3 |       ||     3
       Bread ration      |       |       |       |     1 ||     1
       Royal jelly       |       |       |       |     1 ||     1
       Beef jerky        |       |       |       |     1 ||     1
Armor: Robe              |    52 |    34 |    47 |    56 ||   189
       Skin              |       |       |       |    32 ||    32
Dodge: Dodged            |   130 |   128 |   150 |   153 ||   561
